 Dungeon Crawl Stone Soup version 0.31.0-12-g77e489cdc1 (webtiles) character file.

Game seed: 12863967988106974551

862 Ruich the Caller (level 7, -5/46 HPs)
             Began as a Mummy Summoner on Mar 3, 2024.
             Was an Initiate of Hepliaklqana.
             Slain by an iguana (8 damage)
             ... on level 5 of the Dungeon.
             The game lasted 00:15:08 (6428 turns).

Ruich the Caller (Mummy Summoner)                   Turns: 6428, Time: 00:15:08

Health: -5/46      AC:  3    Str: 11    XL:     7   Next: 72%
Magic:  4/11       EV: 12    Int: 17    God:    Hepliaklqana [......]
Gold:   88         SH:  0    Dex: 12    Spells: 4/12 levels left

rFire   . . .        b - +1 dagger
rCold   + . .        (no shield)
rNeg    + + +        a - +0 robe
rPois   ∞            k - +0 helmet
rElec   .            (no cloak)
rCorr   .            (no gloves)
SInv    .            (no boots)
Will    .....        (no amulet)
Stlth   ++           d - ring of protection from cold
HPRegen 0.27/turn    l - ring of fire
MPRegen 0.12/turn

%: faith
@: inugami summoned
A: cold resistance 1, negative energy resistance 3, torment resistance 2, heat
vulnerability 1, in touch with death 1, no potions, faith
a: Renounce Religion


You were on level 5 of the Dungeon.
You worshipped Hepliaklqana.
Hepliaklqana was noncommittal.
You visited 2 branches of the dungeon, and saw 6 of its levels.

You collected 88 gold pieces.


Innate Abilities, Weirdness & Mutations

You are immune to poison.
Your flesh is cold resistant. (rC+)
You are immune to negative energy. (rN+++)
You are immune to unholy pain and torment.
You are vulnerable to heat. (rF-)
You are in touch with the powers of death.
You do not drink.
You have a special connection with the divine. (Faith)


   Skills:
 - Level 1.6 Dodging
 - Level 2.0 Stealth
 - Level 3.1 Spellcasting
 + Level 6.6 Summonings
 + Level 3.9 Fire Magic


You had 4 spell levels left.
You knew the following spells:

 Your Spells              Type           Power      Damage    Failure   Level
c - Call Canine Familiar  Summ           25%        N/A       3%          3
z - Summon Small Mammal   Summ           100%       N/A       1%          1
X - Summon Blazeheart Go  Fire/Summ      31%        N/A       19%         4

Your spell library contained the following spells:

 Spells                   Type           Power      Damage    Failure   Level
 Call Imp                 Summ           50%        N/A       1%          2
 Kiss of Death            Conj/Necr      16%        2d6       17%         1
 Ensorcelled Hibernation  Hex/Ice        4%         N/A       26%         2
 Summon Lightning Spire   Summ/Air       14%        N/A       41%         4
 Confusing Touch          Hex            2%         N/A       45%         3
 Passwall                 Erth           2%         N/A       45%         3
 Swiftness                Air            2%         N/A       45%         3
 Dispel Undead            Necr           4%         3d7       86%         4

Inventory:

Hand Weapons
 b - a +1 dagger (weapon)
Armour
 a - a +0 robe (worn)
 k - a +0 helmet (worn)
Magical Staves
 e - a staff of cold {!a}
Jewellery
 d - a ring of protection from cold (left hand)
 l - a ring of fire (right hand)
Wands
 c - a wand of flame (14)
Scrolls
 f - 2 scrolls of vulnerability
 g - a scroll of teleportation {@r2}
 h - a scroll of brand weapon {unknown}
 i - 2 scrolls of identify {unknown}
 j - a scroll of enchant armour {unknown}
 m - a scroll of fog {unknown}

Dungeon Overview and Level Annotations

Branches:
Dungeon (5/15)             Temple (1/1) D:4

Altars:
Dithmenos
Fedhas
Gozag
Hepliaklqana
Makhleb
Nemelex Xobeh
Qazlal
Ru
Uskayaw
Vehumet
Wu Jian

Shops:
D:4 !   D:5 !

Annotations:
D:3 2 transporters, spaghetti's ghost, amateur HuCK

≈...≈.≈.#...#.#.##.#.......#
≈._.≈.≈.#.......#...#..#...)
≈...≈.≈.##...#..#...........
......≈.............#.......
≈≈≈≈≈.≈..##.##....#.#.#.....
............................
.........#...####...#...#...
#####.............#.........
#......@........#.#.#...
#...rhl.................
#...B?r.............#...
##..#.....%..#.........#
#.>#........# ####.##.#
#.......###### #. #.
#.......# #.......#
#.......#


You could see a bombardier beetle (ally target), an iguana (ally target), 2
friendly quokkas and a friendly inugami (summoned, burning).


Message History

Your quokka bites the iguana but does no damage.
Your inugami barely misses the iguana.
Unknown command.
You shake off the liquid fire.
Your quokka bites the bombardier beetle but does no damage.
Your quokka bites the iguana but does no damage.
The bombardier beetle sprays incendiary fluid at you.
Unknown command.
You hit the iguana but do no damage.
The iguana is almost dead.
Your inugami burns!
Your quokka bites the bombardier beetle.
Your quokka bites the iguana.
The iguana bites you.
* * * LOW HITPOINT WARNING * * *
Unknown command.
Unknown command.
Unknown command.
Unknown command.
Use which ability? (? or * to list)
Okay, then.
Unknown command.
Unknown command.
You hit the iguana but do no damage.
The iguana is almost dead.
Your inugami burns!
Your quokka barely misses the bombardier beetle.
Your quokka barely misses the iguana.
The iguana hisses menacingly.
The iguana bites you!
You die...

Skill      XL: |  1  2  3  4  5  6  7 |
---------------+----------------------+-----
Spellcasting   | 3 |  3.1
Stealth        | 2 |  2.0
Summonings     | 4 5 6 |  6.6
Fire Magic     | 1 2 3 |  3.9
Dodging        | |  1.6

Action                     |  1- 3 |  4- 6 |  7- 9 || total
---------------------------+-------+-------+-------++-------
  Melee: Dagger            |   123 |    55 |    52 ||   230
         Unarmed           |     4 |       |       ||     4
         Punch             |     1 |       |       ||     1
   Cast: Summon Small Mamm |    67 |     8 |    12 ||    87
         Call Canine Famil |     1 |    27 |     8 ||    36
    Use: Scroll            |       |     6 |       ||     6
   Stab: Sleeping          |     2 |     1 |       ||     3
         Distracted        |     3 |     2 |     1 ||     6
 Armour: Robe              |    77 |    28 |    32 ||   137
  Dodge: Dodged            |    71 |    38 |    41 ||   150

Levels and vault maps discovered:
D:1:      giann_forest_graveyard, layout_loops_corners
D:2:      layout_basic
D:3:      layout_loops_ring, gammafunk_ghost_arena, uniq_terence
D:4:      layout_loops_ring, mainiacjoe_overflow_concentric_impassable,
          mainiacjoe_overflow_boulevard, makhleb_heckhound_becter,
          minmay_temple_entry_fiery, serial_shops, shop, corexii_shack,
          dk_vineyard_3
D:5:      layout_basic, grunt_dithmenos_smoke,
          mainiacjoe_overflow_cross_hatched, serial_corexii_hall,
          corexii_hall_statues_l, corexii_hall_statues_t,
          corexii_hall_statues_t, corexii_hall_statues_deadend,
          corexii_hall_statues_s, corexii_hall_statues_l, serial_shops, shop,
          hangedman_decor_lopped, st_stairs_4, hex_tiny, uniq_sigmund
Temple:   nicolae_temple_little_seven

Notes
Turn   | Place    | Note
-------+----------+-------------------------------------------
     0 | D:1      | Ruich the Mummy Summoner began the quest for the Orb.
     0 | D:1      | Reached XP level 1. HP: 13/13 MP: 4/4
   376 | D:1      | Reached XP level 2. HP: 19/19 MP: 2/5
   477 | D:1      | Reached skill level 3 in Spellcasting
   699 | D:1      | Reached skill level 2 in Stealth
   868 | D:1      | Reached XP level 3. HP: 22/24 MP: 4/7
   872 | D:1      | Learned a level 3 spell: Call Canine Familiar
  1790 | D:2      | Reached skill level 4 in Summonings
  2344 | D:2      | Reached XP level 4. HP: 27/30 MP: 5/8
  2818 | D:3      | Found a transporter.
  2822 | D:3      | Noticed spaghetti's ghost (amateur HuCK)
  2826 | D:3      | Found a transporter.
  3178 | D:3      | Noticed Terence
  3200 | D:3      | Killed Terence
  3429 | D:3      | Reached skill level 5 in Summonings
  3429 | D:3      | Reached XP level 5. HP: 31/35 MP: 2/9
  3492 | D:3      | Learned a level 4 spell: Summon Blazeheart Golem
  3990 | D:4      | Noticed a phantom
  4005 | D:4      | Killed a phantom
  4006 | D:4      | Reached skill level 1 in Fire Magic
  4546 | D:4      | Reached XP level 6. HP: 41/41 MP: 4/10
  4705 | D:4      | Found Liegiegh's Distillery.
  4755 | D:4      | Reached skill level 2 in Fire Magic
  5205 | D:4      | Identified the +2 leather armour "Vuischa" {rC- Regen+
                  | Str+2 Stlth+}
  5224 | D:4      | Reached skill level 6 in Summonings
  5401 | D:4      | Found a burning altar of Makhleb.
  5429 | D:4      | Found a blossoming altar of Fedhas.
  5463 | D:4      | Reached XP level 7. HP: 46/46 MP: 9/11
  5567 | D:4      | Found an ornate altar of the Wu Jian Council.
  5604 | D:4      | Found a staircase to the Ecumenical Temple.
  5610 | Temple   | Entered the Ecumenical Temple
  5668 | Temple   | Became a worshipper of Hepliaklqana the Forgotten
  5927 | D:5      | Entered Level 5 of the Dungeon
  5948 | D:5      | Reached skill level 3 in Fire Magic
  6029 | D:5      | Found Ebuheyjo's Distillery.
  6063 | D:5      | Found a shadowy altar of Dithmenos.
  6064 | D:5      | Noticed Sigmund
  6078 | D:5      | Killed Sigmund
  6400 | D:5      | Found a radiant altar of Vehumet.
  6427 | D:5      | HP: 3/46 [iguana (6)]
  6428 | D:5      | Slain by an iguana

Vanquished Creatures
  Sigmund (D:5)
  An iguana (D:5)
  An adder (D:2)
  2 dart slugs (D:3)
  4 orcs
  6 ball pythons
  An endoplasm (D:2)
  A giant cockroach (D:2)
  5 goblins
  A hobgoblin (D:3)
  4 jackals (D:1)
  A kobold (D:2)
  2 quokkas
  A frilled lizard (D:1)
  5 rats
36 creatures vanquished.

Vanquished Creatures (collateral kills)
  An ogre (D:4)
  A phantom (D:4)
  2 scorpions (D:5)
  3 hounds
  A gnoll bouda (D:4)
  Terence (D:3)
  2 orc wizards (D:4)
  4 gnolls (D:4)
  5 adders
  A shadow imp (D:5)
  2 ribbon worms (D:2)
  4 orcs
  6 endoplasms
  3 giant cockroaches (D:1)
  5 goblins
  6 hobgoblins
  6 kobolds
  2 quokkas
  A ball python (D:4)
  A bat (D:3)
  2 frilled lizards (D:1)
  A rat (D:1)
60 creatures vanquished.

Grand Total: 96 creatures vanquished

Table legend: (Time is in decaauts)
 A = Elapsed time spent in this place.
 B = Non-inter-level travel time spent in this place.
 C = Inter-level travel time spent in this place.
 D = Time resting spent in this place.
 E = Time spent auto-exploring this place.
 F = Levels seen in this place.
 G = Mean time per level.
                   A        B        C        D        E       F      G
               +--------+--------+--------+--------+--------+-----+--------+
         Total |   6427 |   6216 |    211 |   2301 |   2530 |   6 | 1071.2 |
       Dungeon |   6359 |   6148 |    211 |   2301 |   2530 |   5 | 1271.8 |
        Temple |     67 |     67 |      0 |      0 |      0 |   1 |   67.0 |
               +--------+--------+--------+--------+--------+-----+--------+

Top non-repeatable levels by time:
     D:4: 1678 daAuts
     D:3: 1614 daAuts
     D:1: 1294 daAuts
     D:2: 1271 daAuts
     D:5: 500 daAuts
  Temple: 67 daAuts

Table legend:
 A = Non-vault XP
 B = Vault XP
 C = Vault XP percentage of total XP
 D = Non-vault monster count
 E = Vault monster count
 F = Vault count percentage of total count
                 A         B        C        D         E       F
            +---------+---------+-------+---------+---------+-------
      Total |     922 |     310 |  25.2 |      92 |       4 |   4.2
            +---------+---------+-------+---------+---------+-------
        D:1 |      50 |       0 |   0.0 |      29 |       0 |   0.0
        D:2 |      60 |       0 |   0.0 |      19 |       0 |   0.0
        D:3 |      59 |      38 |  39.2 |      18 |       1 |   5.3
        D:4 |     494 |      46 |   8.5 |      21 |       2 |   8.7
        D:5 |     259 |     226 |  46.6 |       5 |       1 |  16.7
            +---------+---------+-------+---------+---------+-------
